[Event "Championship"]
[Site "Seattle"]
[Date "2022.02.19"]
[Round "5"]
[White "Jiang, Brandon"]
[Black "Shubin, Daniel"]
[Result "1/2-1/2"]
[ECO "C00"]
[WhiteElo "2154"]
[BlackElo "2227"]
[PlyCount "65"]
[EventDate "2022.??.??"]
[TimeControl "40/120:0"]

1. e4 e6 2. d3 d5 3. Nd2 Nf6 4. g3 Bc5 5. Bg2 Nc6 6. Ngf3 dxe4 7. dxe4 O-O 8.
O-O e5 9. h3 h6 10. c3 Be6 11. Qe2 Qd7 12. Kh2 Ne8 13. Nc4 f6 14. Ne3 Nd6 15.
Rd1 Qf7 16. Nh4 Rad8 17. Nef5 Bc4 18. Qg4 Kh7 19. b3 Be6 20. Qe2 Ne7 21. Nxe7
Qxe7 22. Be3 Bxe3 23. Qxe3 b6 24. f4 Bf7 25. Rg1 exf4 26. gxf4 g5 27. Nf3 Bg6
28. Nd4 Rde8 29. Rae1 c5 30. Nc6 Qc7 31. e5 Nf5 32. Qd2 Re6 33. Rd1 {draw was
agreed in mutual time trouble.} 1/2-1/2

[Event "Championship"]
[Site "Seattle"]
[Date "2022.02.19"]
[Round "6"]
[White "Velea, Anne-Marie"]
[Black "Jiang, Brandon"]
[Result "1-0"]
[ECO "B31"]
[WhiteElo "2187"]
[BlackElo "2154"]
[PlyCount "67"]
[EventDate "2022.??.??"]
[TimeControl "40/120:0"]

1. e4 c5 2. Nf3 Nc6 3. Bb5 g6 4. Bxc6 bxc6 5. d4 Bg7 6. dxc5 Qa5+ 7. Nbd2 Qxc5
8. a3 Ba6 9. Rb1 $6 d5 $1 10. b4 Qd6 11. Bb2 Bxb2 12. Rxb2 dxe4 $6 13. Nxe4 Qe6
14. Qd4 Rd8 15. Qe5 Qg4 16. Ned2 Nf6 17. h3 Qd7 18. Rb1 O-O 19. c4 Qd3 20. Rb3
Qc2 21. Qc3 Qf5 22. O-O Rd6 $2 23. Re1 Qd7 24. Ne5 Qd8 25. Ndf3 Nd7 $2 26. c5
Re6 27. Rd1 Nxe5 28. Rxd8 Nxf3+ 29. Qxf3 Rxd8 30. Re3 Rf6 31. Qg3 Rd1+ 32. Kh2
Rd2 33. Rf3 Re6 34. Qf4 1-0

[Event "Championship"]
[Site "Seattle"]
[Date "2022.02.20"]
[Round "8"]
[White "Mahajan, Rushaan"]
[Black "Jiang, Brandon"]
[Result "1/2-1/2"]
[ECO "A04"]
[WhiteElo "2253"]
[BlackElo "2154"]
[PlyCount "98"]
[EventDate "2022.??.??"]
[TimeControl "40/120:0"]

1. Nf3 f5 2. d3 Nf6 3. e4 d6 4. exf5 Bxf5 5. d4 Nc6 6. c3 e5 7. Bg5 h6 8. Bh4
e4 9. Nfd2 Be7 10. Be2 Nd5 11. Bxe7 Qxe7 12. Nc4 Qg5 13. g3 O-O 14. Qd2 Qxd2+
15. Nbxd2 Rae8 16. Nf1 Nce7 17. Nce3 Nxe3 18. Nxe3 Be6 19. O-O Bh3 20. Rfd1 c6
21. Rd2 Nf5 22. Ng2 g5 23. Bh5 Re6 24. Re1 d5 25. Bd1 Kg7 26. Ne3 h5 27. Nxf5+
Bxf5 28. Re3 Ref6 29. Be2 Rh8 30. Bf1 h4 31. c4 hxg3 32. fxg3 Be6 33. cxd5 cxd5
34. Rc3 Kg6 35. Rcc2 Rhf8 36. Rf2 Bg4 37. Rxf6+ Rxf6 38. Bb5 a6 $6 39. Bf1 Bf3
40. Rc7 $2 Re6 $2 41. Kf2 Rb6 42. b3 Bg4 43. Ke3 Bf3 44. Rc5 Rd6 45. b4 Bd1 46.
a3 Ba4 47. Rc7 Rb6 48. Rc5 Rd6 49. Rc7 Rb6 1/2-1/2

[Event "Championship"]
[Site "Seattle"]
[Date "2022.02.21"]
[Round "9"]
[White "Jiang, Brandon"]
[Black "Pupols, Viktors"]
[Result "1/2-1/2"]
[ECO "B13"]
[WhiteElo "2154"]
[BlackElo "2200"]
[PlyCount "140"]
[EventDate "2022.??.??"]
[TimeControl "40/120:0"]

1. e4 c6 2. d4 d5 3. exd5 cxd5 4. c4 Nf6 5. Nc3 Nc6 6. Nf3 Bf5 7. Bg5 Ne4 8.
cxd5 Nxc3 9. bxc3 Qxd5 10. Be2 e6 11. O-O Be7 12. Bxe7 Nxe7 13. Qa4+ Nc6 14.
Qa3 Qa5 15. Qb3 Qc7 16. c4 O-O 17. Rac1 Rad8 18. Rfd1 h6 19. d5 Na5 20. Qe3
exd5 21. cxd5 Qb8 22. h3 Rd6 $6 23. Qf4 Bd7 24. Qb4 b6 $6 25. Ne5 Rd8 26. Bf3
Be8 27. Qc3 Qb7 28. Re1 f6 29. Ng4 $6 Bf7 30. Ne3 Bg6 31. Qb4 Qf7 32. Rc3 Nb7
33. Nc4 R6d7 34. Rce3 $6 Qf8 35. Qb5 Nd6 36. Nxd6 Qxd6 37. Re6 Qa3 38. R6e2 Bf7
39. Rd2 Rd6 40. Red1 Be8 41. Qe2 Bf7 42. Rc2 Re8 43. Qb5 a6 44. Rd3 $6 Re1+ 45.
Kh2 axb5 46. Rxa3 Re8 47. Rb2 Re5 48. Rd3 Be8 49. Rc3 Kh7 50. h4 h5 51. Rbc2 $6
Bg6 52. Rb2 Be4 53. Bxe4+ Rxe4 54. g3 Rxd5 55. Rc6 Red4 56. Rxb6 b4 57. Kg2 Ra5
58. R2xb4 Rxb4 59. Rxb4 Rxa2 60. Rc4 Kg6 61. Rb4 Ra3 62. Rf4 Ra5 63. Rd4 Ra3
64. Rc4 Rb3 65. Rf4 Ra3 66. Rd4 Rb3 67. Rf4 Ra3 68. Rd4 Rb3 69. Rf4 Ra3 70. Rd4
Rb3 1/2-1/2